 Dungeon Crawl Stone Soup version 0.27.0-1-g7a089689b8 (webtiles) character file.

Game seed: 2008448291598532680

240 theswoord the Twirler (level 5, -2/38 HPs)
             Began as a Demonspawn Gladiator on Aug 8, 2021.
             Splashed by Ijyb's acid (11 damage)
             ... on level 4 of the Dungeon.
             The game lasted 00:04:06 (2945 turns).

theswoord the Twirler (Demonspawn Gladiator)        Turns: 2945, Time: 00:04:07

Health: -2/38      AC:  8    Str: 16    XL:     5   Next: 79%
Magic:  5/5        EV: 12    Int:  9    God:
Gold:   175        SH:  4    Dex: 14    Spells: 4/4 levels left

rFire    . . .     SeeInvis .   a - +1 quarterstaff
rCold    . . .     Faith    .   (shield currently unavailable)
rNeg     . . .     Spirit   .   b - +0 leather armour
rPois    .         Reflect  .   c - +1 helmet
rElec    .         Harm     .   (no cloak)
rCorr    .         Rampage  .   (no gloves)
Will     .....                  (no boots)
Stlth    +.........             (no amulet)
HPRegen  0.12/turn              m - +4 ring of protection
MPRegen  0.09/turn              (no ring)

@: corroded
A: molten scales 2, foul stench 1, condensation shield
a: no special abilities


You were on level 4 of the Dungeon.
You visited 1 branch of the dungeon, and saw 4 of its levels.

You collected 175 gold pieces.

Inventory:

Hand Weapons
 a - a +1 quarterstaff (weapon)
Missiles
 d - a throwing net (quivered)
Armour
 b - a +0 leather armour (worn)
 c - a +1 helmet (worn)
Jewellery
 m - a +4 ring of protection (left hand)
Wands
 h - a wand of paralysis (4)
 n - a wand of acid (9)
Potions
 e - a potion of berserk rage
 g - a potion of flight
 j - 2 potions of attraction
 k - a potion of haste {unknown}
 o - a potion of brilliance {unknown}


   Skills:
 - Level 2.0 Fighting
 + Level 6.0 Staves
 - Level 1.7 Throwing
 - Level 2.6 Dodging


You had 4 spell levels left.
You didn't know any spells.
Your spell library was empty.

Dungeon Overview and Level Annotations

Branches:
Dungeon (4/15)
 Temple: D:4-7

Altars:

Annotations:
D:4 Ijyb


Innate Abilities, Weirdness & Mutations

You are mostly covered in molten scales. (AC +3)
You may rarely emit foul miasma when damaged in melee.
A meltable shield of frost defends you. (SH +4)


Message History

You destroy the hound skeleton!
The goblin hits you but does no damage.
Your Staves skill increases to level 6!
You sock the goblin!
You kill the goblin!
No target in view!
Found a stone staircase leading down.
Things that are here:
a +0 dagger; a goblin corpse Ijyb shouts!
Ijyb is nearby!
Throw: 3 throwing nets
Press: ? - help, Q - select action, (/) - cycle Shift-Dir - straight line, f - Ijyb
Aim: Ijyb, wielding a +0 club, wearing a +0 leather armour and carrying a wand of acid (5) (51% to hit)
You throw a throwing net. The throwing net barely misses Ijyb.
Throw: 2 throwing nets
Press: ? - help, Q - select action, (/) - cycle Shift-Dir - straight line, f/p - Ijyb
Aim: Ijyb, wielding a +0 club, wearing a +0 leather armour and carrying a wand of acid (5) (51% to hit)
You throw a throwing net. The throwing net hits Ijyb.
Ijyb is caught in the net!
Ijyb zaps a wand.
The bolt of acid hits you!
You are splashed with acid!
* * * LOW HITPOINT WARNING * * *
Ijyb struggles against the net.
You start resting.
Ijyb is nearby!
A quokka skeleton comes into view.
A goblin comes into view. It is wielding a +0 dagger.
The goblin shouts!
The goblin barely misses you.
You closely miss the goblin.
Ijyb zaps a wand.
The bolt of acid hits the quokka skeleton!!
The quokka skeleton is splashed with acid.
The quokka skeleton is destroyed!
The bolt of acid misses you. The goblin hits you but does no damage.
You sock the goblin!
You kill the goblin!
Ijyb zaps a wand.
The bolt of acid hits you!
* * * LOW HITPOINT WARNING * * *
The acid corrodes you!
You are splashed with acid!
You die...

###.#####.###.#
#####.........# #.#
............Z.###.#
####.#.#####.....#
#....####.###
####.# #.# #
##.####g# #.
#.......#
#.###.@###### #.
#....).#
#.###....#######
...............
##.......######
#...........#
#..)..>.###.#
###....## #####
#....#


You could see Ijyb.

Vanquished Creatures
  A bullfrog (D:3)
  A water moccasin skeleton (D:4)
  A hound skeleton (D:4)
  4 adders
  3 worms
  6 dart slugs
  An orc (D:3)
  5 ball pythons
  5 endoplasms
  3 giant cockroaches
  6 goblins
  3 hobgoblins
  4 jackals (D:3)
  5 kobolds
  4 quokkas
  5 bats
  A frilled lizard (D:2)
  4 rats
62 creatures vanquished.

Vanquished Creatures (others)
  A quokka skeleton (D:4)
1 creature vanquished.

Grand Total: 63 creatures vanquished

Notes
Turn   | Place    | Note
-------+----------+-------------------------------------------
     0 | D:1      | theswoord the Demonspawn Gladiator began the quest for the
                  | Orb.
     0 | D:1      | Reached XP level 1. HP: 16/16 MP: 1/1
   178 | D:1      | Reached skill level 3 in Staves
   275 | D:1      | Gained mutation: You are partially covered in molten
                  | scales. (AC +2) [demonic ancestry]
   275 | D:1      | Reached XP level 2. HP: 12/22 MP: 2/2
  1219 | D:2      | Gained mutation: You are mostly covered in molten scales.
                  | (AC +3) [demonic ancestry]
  1219 | D:2      | Reached XP level 3. HP: 27/27 MP: 3/3
  1319 | D:2      | Found a faded altar of an unknown god.
  1333 | D:2      | Reached skill level 4 in Staves
  2004 | D:3      | Paralysed by a goblin for 3 turns
  2153 | D:3      | Gained mutation: A meltable shield of frost defends you.
                  | (SH +4) [demonic ancestry]
  2153 | D:3      | Reached XP level 4. HP: 33/33 MP: 4/4
  2367 | D:3      | Noticed a bullfrog
  2373 | D:3      | Killed a bullfrog
  2374 | D:3      | Reached skill level 5 in Staves
  2374 | D:3      | Gained mutation: You may rarely emit foul miasma when
                  | damaged in melee. [demonic ancestry]
  2374 | D:3      | Reached XP level 5. HP: 38/38 MP: 5/5
  2457 | D:4      | Noticed Ijyb
  2863 | D:4      | Reached skill level 6 in Staves
  2945 | D:4      | Splashed by Ijyb's acid

Skill      XL: |  1  2  3  4  5 |
---------------+----------------+-----
Staves         | 3 4 5 6 |  6.0
Fighting       | |  2.0
Throwing       | |  1.7
Dodging        | |  2.6

Action                   |  1- 3 |  4- 6 || total
-------------------------+-------+-------++-------
Melee: Quarterstaff      |   119 |    60 ||   179
Throw: Throwing net      |       |     2 ||     2
  Use: Scroll            |     5 |     3 ||     8
 Stab: Sleeping          |     1 |     1 ||     2
Armor: Leather armour    |    37 |    28 ||    65
Dodge: Dodged            |    80 |    37 ||   117
Block: Other             |       |     6 ||     6

Levels and vault maps discovered:
D:1:      shiori_arrival_elements, layout_basic
D:2:      layout_loops_ring, basic_ecumenical_altar,
          chequers_hall_statues_corner_a
D:3:      minmay_skewed_foursquare, layout_rooms
D:4:      layout_loops_ring, zin_angel, led_sif_book, uniq_eustachio, uniq_ijyb
